 Dungeon Crawl Stone Soup version 0.22-a0-614-g34fbaa0 (webtiles) character file.

58 zishaf the Firebug (level 4, -21/30 HPs)
             Began as a Barachi Fire Elementalist on July 20, 2018.
             Killed by a distortion unwield (38 damage)
             ... on level 2 of the Dungeon.
             The game lasted 00:04:07 (894 turns).

zishaf the Firebug (Barachi Fire Elementalist)       Turns: 894, Time: 00:04:07

Health: -21/30     AC:  2    Str: 10    XL:     4   Next: 1%
Magic:  7/8        EV: 13    Int: 16    God:
Gold:   39         SH:  0    Dex: 12    Spells: 5/8 levels left

rFire    . . .     SeeInvis .   (no weapon)
rCold    . . .     Gourm    .   (no shield)
rNeg     . . .     Faith    .   a - +0 robe
rPois    .         Spirit   .   (no helmet)
rElec    .         Reflect  .   (no cloak)
rCorr    .         Harm     .   (no gloves)
MR       .....                  (no boots)
Stlth    ++........             (no amulet)
HPRegen  0.10/turn              (no ring)
MPRegen  0.11/turn              (no ring)

@: slow
A: +LOS, swims, slowness 1, strong legs 1
a: Hop


You were on level 2 of the Dungeon.
You were hungry.

You visited 1 branch of the dungeon, and saw 2 of its levels.

You collected 39 gold pieces.

Inventory:

Hand Weapons
 e - a +2 dagger of holy wrath
 j - a +2 whip of distortion
Armour
 a - a +0 robe (worn)
Scrolls
 b - 2 scrolls of remove curse {unknown}
 f - 2 scrolls of identify {unknown}
 i - a scroll of immolation {unknown}
Potions
 g - a potion of lignification {unknown}
 h - a potion of haste {unknown}
 k - a potion of brilliance {unknown}
Comestibles
 c - 3 rations
 d - a chunk of flesh


   Skills:
 - Level 3.1 Dodging
 - Level 2.0 Stealth
 + Level 2.6 Spellcasting
 + Level 2.0 Conjurations
 + Level 3.7 Fire Magic


You had 5 spell levels left.
You knew the following spells:

 Your Spells              Type           Power        Failure   Level  Hunger
a - Flame Tongue          Conj/Fire      ##...        6%          1    #......
b - Throw Flame           Conj/Fire      ##....       9%          2    ##.....

Your spell library contained the following spells:

 Spells                   Type           Power        Failure   Level  Hunger
 Fireball                 Conj/Fire      ##........   86%         5    ######.
 Conjure Flame            Conj/Fire      ##......     19%         3    ###....
 Sticky Flame             Conj/Fire      ##......     52%         4    #####..
 Inner Flame              Hex/Fire       #.......     26%         3    ###....


Dungeon Overview and Level Annotations

Branches:
Dungeon (2/15)

Altars:


Innate Abilities, Weirdness & Mutations

Shadows flee at your approach. (+LOS)
You can swim through water.
You cover ground slowly.
You can hop short distances.


Message History

You have reached level 4!
You feel stronger.
You barely miss the rat. The rat barely misses you.
You closely miss the rat. The rat misses you.
You barely miss the rat. The rat barely misses you.
The rat bites you but does no damage.
You hit the rat.
Space bends around the rat.
You kill the rat!
Things that are here:
a club; a hobgoblin corpse You butcher the hobgoblin corpse.
d - a chunk of flesh You see here a club.
k - a dark potion You see here a robe.
Wield which item (- for none, * to show all)? (? for menu, Esc to quit)
Really unwield
j - a +2 whip of distortion?
You are crushed and pinned by an extremely strong localised spatial distortion!
Ouch! That really hurt!
You die...

#.# .. # ..
#.#####. .......
#....###.#### #
#............
###.#+##)###.#####
#....>@.[.........
#.#....##.#####.#
#....##.......#
#.....###.#######
###### #.# ...
#.##.# #
#....###.#
###......#
#.....##


There were no monsters in sight!

Vanquished Creatures
  Jessica (D:2)
  4 dart slugs (D:1)
  A giant cockroach (D:1)
  4 hobgoblins
  4 bats (D:1)
  3 frilled lizards
  3 goblins (D:1)
  4 kobolds (D:1)
  2 rats
26 creatures vanquished.

Notes
Turn   | Place    | Note
-------+----------+-------------------------------------------
     0 | D:1      | zishaf the Barachi Fire Elementalist began the quest for the Orb.
     0 | D:1      | Reached XP level 1. HP: 13/13 MP: 3/3
   119 | D:1      | Reached XP level 2. HP: 19/19 MP: 1/5
   384 | D:1      | Learned a level 2 spell: Throw Flame
   396 | D:1      | Reached XP level 3. HP: 24/24 MP: 1/6
   873 | D:2      | Noticed Jessica
   881 | D:2      | Killed Jessica
   882 | D:2      | Reached XP level 4. HP: 16/30 MP: 6/8
   894 | D:2      | Killed by a distortion unwield

Vault maps used:
D:1:      dpeg_arrival_rooms_b, minmay_statues_item, minivault_25, minmay_tall_x
D:2:      zin_scriptorium, nemelex_diamond_rough_becter, uniq_jessica

Skill      XL: |  1  2  3 |
---------------+----------+-----
Stealth        | 2 |  2.0
Dodging        | 3 |  3.1
Conjurations   | 2 |  2.0
Spellcasting   | |  2.6
Fire Magic     | |  3.7

Action                   |  1- 3 |  4- 6 || total
-------------------------+-------+-------++-------
Melee: Club              |     1 |       ||     1
       Dagger            |     5 |       ||     5
       Whip              |     9 |     4 ||    13
 Cast: Flame Tongue      |    31 |       ||    31
Armor: Robe              |     5 |     1 ||     6
Dodge: Dodged            |    19 |     3 ||    22

Table legend:
 A = Spawn XP
 B = Non-spawn XP
 C = Spawn XP percentage of total XP
 D = Spawn monster count
 E = Non-spawn monster count
 F = Spawn count percentage of total count
 G = Total turns spent on level
                    A         B        C        D         E        F      G
               +---------+---------+-------+---------+---------+-------+---------
         Total |       0 |      83 |   0.0 |       0 |      26 |   0.0 |   894
               +---------+---------+-------+---------+---------+-------+---------
           D:1 |       0 |      40 |   0.0 |       0 |      21 |   0.0 |   847
           D:2 |       0 |      43 |   0.0 |       0 |       5 |   0.0 |    47
               +---------+---------+-------+---------+---------+-------+---------
